 Dungeon Crawl Stone Soup version 0.20.0-6-gd3061e9 (webtiles) character file.

2018 MTVSty1e the Fighter (level 9, -13/85 HPs)
             Began as a Minotaur Warper on May 28, 2017.
             Was an Initiate of Okawaru.
             Mangled by an orc warrior
             ... wielding a +0 glaive
              (16 damage)
             ... in a bailey.
             The game lasted 00:15:34 (7587 turns).

MTVSty1e the Fighter (Minotaur Warper)              Turns: 7587, Time: 00:15:35

Health: -13/85     AC:  6    Str: 19    XL:     9   Next: 3%
Magic:  10/10      EV: 12    Int: 10    God:    Okawaru [......]
Gold:   313        SH:  0    Dex: 10    Spells: 10/10 levels left

rFire    . . .     SeeInvis .   t - -3 hand axe (curse)
rCold    + . .     Gourm    .   (no shield)
rNeg     . . .     Faith    +   f - +0 troll leather armour {Purgy}
rPois    .         Spirit   .   A - +1 hat
rElec    .         Reflect  .   (no cloak)
rCorr    .         Harm     .   (no gloves)
MR       +....                  v - +0 pair of boots
Stlth    +.........             j - amulet of faith
Regen    0.7/turn               g - ring of protection from cold
MPRegen  0.2/turn               b - ring of wizardry

@: very slightly contaminated
A: retaliatory headbutt, horns 2, magic resistance 1, mutation resistance 1
a: Renounce Religion


You were in a bailey.
You worshipped Okawaru.
Okawaru was noncommittal.
You were hungry.

You visited 2 branches of the dungeon, and saw 9 of its levels.
You also visited: Bailey.

You collected 313 gold pieces.

Inventory:

Hand Weapons
 a - a +1 hand axe
 t - a cursed -3 hand axe (weapon)
Missiles
 e - 5 tomahawks of dispersal (quivered)
Armour
 f - a +0 troll leather armour (worn) {Purgy}
 v - a +0 pair of boots (worn)
 A - a +1 hat (worn)
Jewellery
 b - a ring of wizardry (right hand)
 d - an uncursed ring of wizardry
 g - a ring of protection from cold (left hand)
 j - an amulet of faith (around neck)
Wands
 p - a wand of iceblast (8/15)
 s - a wand of acid (9/15)
 w - a wand of disintegration (11/24)
Scrolls
 i - a scroll of recharging
 o - 2 scrolls of fear
 y - a scroll of identify
 z - 2 scrolls of fog
Potions
 h - a potion of agility
 k - 3 potions of lignification
 l - 2 potions of curing
 m - a potion of magic
 r - a potion of ambrosia
 C - a potion of mutation {unknown}
Books
 c - a book of Spatial Translocations

   Spells                             Type                      Level
   a - Blink                          Translocation                2
   b - Shroud of Golubria             Charms/Translocation         2
   c - Lesser Beckoning               Translocation                3
   d - Gell's Gravitas                Translocation                3
   e - Teleport Other                 Translocation                3
   f - Passage of Golubria            Translocation                4
 n - a book of Necromancy

   Spells                             Type                      Level
   a - Pain                           Necromancy                   1
   b - Animate Skeleton               Necromancy                   1
   c - Vampiric Draining              Necromancy                   3
   d - Regeneration                   Charms/Necromancy            3
   e - Animate Dead                   Necromancy                   4
   f - Control Undead                 Necromancy                   4
 B - a book of Frost

   Spells                             Type                      Level
   a - Freeze                         Ice                          1
   b - Throw Frost                    Conjuration/Ice              2
   c - Ozocubu's Armour               Charms/Ice                   3
   d - Throw Icicle                   Conjuration/Ice              4
   e - Summon Ice Beast               Ice/Summoning                4


   Skills:
 + Level 10.2 Fighting
 + Level 10.2 Axes
 - Level 1.0 Throwing
 - Level 1.2 Armour
 - Level 2.1 Dodging
 - Level 1.3 Spellcasting
   Level 2.1 Translocations


You had 10 spell levels left.
You didn't know any spells.

Dungeon Overview and Level Annotations

Branches:
Dungeon (8/15)             Temple (1/1) D:7
   Lair: D:8-11

Altars:
Ashenzari
Cheibriados
Elyvilon
Fedhas
Gozag
Hepliaklqana
Kikubaaqudgha
Nemelex Xobeh
Okawaru
Qazlal
Sif Muna
Trog
Yredelemnul
Zin
The Shining One


Innate Abilities, Weirdness & Mutations

You reflexively headbutt those who attack you in melee.
You have a pair of horns on your head.
You are resistant to hostile enchantments. (MR+)
You are somewhat resistant to further mutation.


Message History

An orc warrior comes into view. It is wielding a glaive.
The orc warrior shouts!
The orc warrior wields an uncursed arbalest.
The orc warrior shoots a bolt.
The bolt barely misses you.
The orc warrior shoots a bolt.
The bolt closely misses you.
The orc warrior shouts! x2
Found a phantom mirror.
You see here a bolt.
You flicker back into view.
The orc warrior shouts! x2
The orc warrior shoots a bolt.
The bolt hits you!
* * * LOW HITPOINT WARNING * * *
You hear a shout!
You see here a bolt.
The orc knight roars a battlecry!
The orc warriors go into a battle-frenzy!
There is an open gate here.
The orc warrior barely misses you.
The orc warrior hits you from afar with a glaive!
You die... ......##.o..(.(##....(....... .....##.o#+#+#..##(.......... #.o## ##.o#........... #.#########o##.......... . #.+ #?.}#)'.##(......... ... #.# #.8.###(##(((..(.... .... #(+ #ooo

+o##(..(...... .....
#(####o####o##(.).......
.....##o.##∩:@##.o#(..........
.......o.##'''#..##().........
.......(.##.(oo.##.o(.........
≈≈≈≈....o##((..##..o.≈≈≈≈≈....
#.#≈≈....#######....≈≈#o#≈≈...
# ##≈....(....oo....≈##o##≈...
§.o≈...............≈..^. ≈.
.##≈...............≈##.## #
#≈≈...............≈≈# #


You could see an orc knight and 4 orc warriors.

Vanquished Creatures
  Pikel (D:4)
  A hippogriff (D:7)
  A water moccasin (D:7)
  An orc warrior (D:6)
  Purgy (D:3)
  A slave (D:4)
  A sky beast (D:5)
  An ogre (D:5)
  A wyvern skeleton (D:6)
  A scorpion (D:4)
  A howler monkey (D:4)
  A jelly (D:5)
  A hound (D:4)
  4 orc priests
  5 orc wizards
  Jessica (D:3)
  Ijyb (D:4)
  3 iguanas
  3 worker ants
  A hound zombie (D:5)
  4 gnolls
  11 adders
  An ooze (D:4)
  A worm (D:3)
  3 dart slugs (D:1)
  26 orcs
  5 bats
  3 giant cockroaches
  12 goblins
  7 hobgoblins
  2 jackals (D:1)
  A kobold (D:3)
  3 quokkas
  3 ball pythons
  4 frilled lizards
  10 rats
127 creatures vanquished.

Vanquished Creatures (others)
  A slave (D:4)
  A worker ant (D:4)
  An orc (Bailey)
3 creatures vanquished.

Grand Total: 130 creatures vanquished

Notes
Turn   | Place    | Note
-------+----------+-------------------------------------------
     0 | D:1      | MTVSty1e the Minotaur Warper began the quest for the Orb.
     0 | D:1      | Reached XP level 1. HP: 18/18 MP: 1/1
   208 | D:1      | Reached XP level 2. HP: 25/25 MP: 3/3
   659 | D:1      | Reached XP level 3. HP: 29/31 MP: 4/4
  1811 | D:3      | Noticed Purgy
  1965 | D:3      | Killed Purgy
  1965 | D:3      | Reached skill level 5 in Axes
  1965 | D:3      | Reached XP level 4. HP: 16/41 MP: 5/5
  1965 | D:3      | Reached XP level 5. HP: 18/47 MP: 6/6
  2214 | D:3      | Reached skill level 5 in Fighting
  2215 | D:3      | Noticed Jessica
  2224 | D:3      | Killed Jessica
  2411 | D:3      | Found a snail-covered altar of Cheibriados.
  2918 | D:3      | Reached XP level 6. HP: 56/56 MP: 7/7
  3168 | D:4      | Found a sparkling altar of Nemelex Xobeh.
  3285 | D:4      | Noticed Pikel
  3285 | D:4      | Noticed a slave
  3285 | D:4      | Noticed a slave
  3285 | D:4      | Noticed a slave
  3285 | D:4      | Noticed a slave
  3309 | D:4      | Killed a slave
  3318 | D:4      | Killed Pikel
  3318 | D:4      | Reached XP level 7. HP: 23/67 MP: 8/8
  3515 | D:4      | Found a basalt altar of Yredelemnul.
  3515 | D:4      | Found a shattered altar of Ashenzari.
  3607 | D:4      | Reached XP level 8. HP: 62/74 MP: 9/9
  3610 | D:4      | Noticed Ijyb
  3626 | D:4      | Killed Ijyb
  3817 | D:4      | Found a glowing golden altar of the Shining One.
  3862 | D:5      | Entered Level 5 of the Dungeon
  4047 | D:5      | Gained mutation: You are resistant to hostile enchantments. (MR+) [mutagenic meat]
  4048 | D:5      | Gained mutation: You are somewhat resistant to further mutation. [mutagenic meat]
  4988 | D:6      | Found an opulent altar of Gozag.
  5674 | D:6      | Found a hazy altar of Hepliaklqana.
  6136 | D:7      | Found a blossoming altar of Fedhas.
  6220 | D:7      | Noticed a two-headed ogre
  6432 | D:7      | Reached skill level 10 in Axes
  6811 | D:7      | Noticed a hippogriff
  6825 | D:7      | Killed a hippogriff
  6825 | D:7      | Reached skill level 10 in Fighting
  6825 | D:7      | Reached XP level 9. HP: 51/85 MP: 10/10
  7074 | D:7      | Found a staircase to the Ecumenical Temple.
  7091 | Temple   | Entered the Ecumenical Temple
  7112 | Temple   | Became a worshipper of Warmaster Okawaru
  7355 | D:8      | Found a flagged portal.
  7367 | Bailey   | Entered a bailey
  7582 | Bailey   | Noticed an orc knight
  7585 | Bailey   | HP: 2/85 [orc warrior/bolt (12)]
  7587 | Bailey   | Mangled by an orc warrior

Skill      XL: |  1  2  3  4  5  6  7  8 |
---------------+-------------------------+-----
Axes           | 3 5 7 8 10 | 10.2
Fighting       | 3 4 5 7 8 10 | 10.2
Throwing       | |  1.0
Armour         | |  1.2
Dodging        | |  2.1
Spellcasting   | |  1.3
Translocations | |  2.1

Action                   |  1- 3 |  4- 6 |  7- 9 || total
-------------------------+-------+-------+-------++-------
Melee: Hand axe          |   111 |   118 |   230 ||   459
       Headbutt          |    15 |    20 |    37 ||    72
  Use: Scroll            |    11 |       |     9 ||    20
       Potion            |     1 |       |     5 ||     6
 Stab: Invisible         |       |       |     2 ||     2
  Eat: Bread ration      |     1 |       |     2 ||     3
       Royal jelly       |     1 |       |       ||     1
       Chunk             |       |     1 |     3 ||     4
       Fruit             |       |       |     4 ||     4
Armor: Leather armour    |    12 |       |       ||    12
       Ring mail         |    31 |       |       ||    31
       Troll leather arm |       |    21 |    51 ||    72
Dodge: Dodged            |    62 |    63 |   160 ||   285
